 Dungeon Sprint DCSS version 0.30-a0-439-g9e77e4d916 (webtiles) character file.

Game seed: 15411813931116629303

1061 rocky1 the Fighter (level 8, -1/94 HPs)
             Began as an Ogre Warper on Dec 11, 2022.
             Was an Initiate of Gozag.
             Slain by a red devil
             ... wielding a +0 vorpal trident
              (21 damage)
             ... in the Dungeon (Sprint VII: "The Pits").
             The game lasted 00:05:36 (1508 turns).

rocky1 the Fighter (Ogre Warper)                    Turns: 1508, Time: 00:05:37

Health: -1/94      AC:  3    Str: 18      XL:     8   Next: 27%
Magic:  20/20      EV: 10    Int: 14      God:    Gozag
Gold:   1755       SH:  0    Dex:  7 (8)  Spells: 9/24 levels left

rFire   . . .      SeeInvis .    r - +2 morningstar (vorpal)
rCold   . . .      Faith    .    (no shield)
rNeg    . . .      Spirit   .    b - +0 robe
rPois   .          Reflect  .    (helmet restricted)
rElec   .          Harm     .    (no cloak)
rCorr   .          Rampage  .    (gloves unavailable)
Will    .....      NoTele   +    (boots unavailable)
Stlth   +.........               (no amulet)
HPRegen 0.35/turn                (no ring)
MPRegen 0.17/turn                (no ring)

@: spiked, invisible
A: large, unfitting armour, tough skin 1
a: Renounce Religion, Potion Petition, Call Merchant, Bribe Branch


You were in the Dungeon.
You worshipped Gozag.
Gozag was most pleased with you.
You visited 1 branch You collected 1755 gold pieces.

Inventory:

Hand Weapons
 a - a +2 morningstar of draining
 o - a +2 vorpal flail
 p - a +1 vorpal hand axe
 r - a +2 vorpal morningstar (weapon)
Missiles
 d - 7 boomerangs of dispersal (quivered)
Armour
 b - a +0 robe (worn)
Jewellery
 j - a +3 ring of protection
 k - a +3 ring of protection
Scrolls
 c - 2 scrolls of blinking
 m - 5 scrolls of amnesia
 n - a scroll of summoning
Potions
 e - 7 potions of curing
 f - 8 potions of heal wounds
 g - 2 potions of haste
 h - 4 potions of magic
 i - 2 potions of berserk rage
 l - a potion of invisibility
 q - a potion of mutation


   Skills:
 - Level 10.3 Fighting
 + Level 7.5 Maces & Flails
 - Level 1.0 Throwing
 - Level 4.0 Dodging
 + Level 8.5 Spellcasting
 + Level 8.5 Translocations
 + Level 6.1 Air Magic


You had 9 spell levels left.
You knew the following spells:

 Your Spells              Type           Power      Damage    Failure   Level
a - Blink                 Tloc           60%        N/A       1%          2
b - Vhi's Electric Charg  Tloc/Air       52%        N/A       1%          3
c - Manifold Assault      Tloc           30%        N/A       3%          4
d - Lesser Beckoning      Tloc           60%        N/A       1%          3
e - Teleport Other        Tloc           30%        N/A       1%          3

Your spell library contained the following spells:

 Spells                   Type           Power      Damage    Failure   Level


Dungeon Overview and Level Annotations

Branches:
Dungeon (1/1)

Altars:
Ashenzari
Cheibriados
Dithmenos
Elyvilon
Fedhas
Gozag
Hepliaklqana
Kikubaaqudgha
Makhleb
Nemelex Xobeh
Okawaru
Qazlal
Ru
Sif Muna
Trog
Uskayaw
Vehumet
Wu Jian
Xom
Yredelemnul
Zin
The Shining One
Jiyva
Lugonu


Innate Abilities, Weirdness & Mutations

You are too large for most types of armour.
You have tough skin. (AC +1)


Message History

Barbed spikes become lodged in your body.
* * * LOW HITPOINT WARNING * * *
You feel much better.
The red devil hits you with a +0 vorpal trident!!
* * * LOW HITPOINT WARNING * * *
Barbed spikes become lodged in your body.
* * * LOW HITPOINT WARNING * * *
Unknown command.
You feel much better.
The red devil hits you with a +0 vorpal trident.
* * * LOW HITPOINT WARNING * * *
Barbed spikes become lodged in your body.
* * * LOW HITPOINT WARNING * * *
The orc high priest mumbles some strange prayers to Beogh.
Unknown command.
You feel much better.
The red devil hits you with a +0 vorpal trident!!
Barbed spikes become lodged in your body.
Unknown command.
Okay, then.
You fade into invisibility!
The red devil hits you with a +0 vorpal trident!
* * * LOW HITPOINT WARNING * * *
Barbed spikes become lodged in your body.
* * * LOW HITPOINT WARNING * * *
Unknown command.
Okay, then.
r - a +2 vorpal morningstar (weapon)
Unknown command.
You sock the red devil!
The red devil is almost dead.
The red devil barely misses you.
You barely miss the red devil.
The red devil is almost dead.
The red devil closely misses you.
You closely miss the red devil.
The red devil is almost dead.
The red devil hits you with a +0 vorpal trident!!
You die...
Your body crumbles into a pile of gold.

############
#_________.#
#_________.#
#_______...#######
##########'##.....
#.?(.')).'.##.....
##########.##o....
#.4ooooCo...'o4...
#@#####'#####o....
#.#..#.)#[[##.....
#.#..)..#))#####+#
#.#..####.)##.....
#.#..#..#))##.....
#.#.)#..#..##.....
#)##)#..#'###...<.
#)#........##.....
#)#........##.....


You could see a cyclops (unable to see you), a red devil (unable to see you), an
orc priest (unable to see you) and 4 orcs.

Vanquished Creatures
  2 flying skulls (D)
  A fire bat (D)
  A water moccasin (D)
  A sky beast (D)
  An ogre (D)
  A wolf (D)
  Blork the orc (D)
  A quasit (D)
  A gnoll bouda (D)
  An iron imp (D)
  5 gnolls (D)
  3 adders (D)
  2 orcs (D)
  A ball python (D)
  A bat skeleton (D)
  A bat zombie (D)
  A giant cockroach (D)
  2 goblins (D)
  A kobold (D)
  A frilled lizard (D)
  A rat (D)
30 creatures vanquished.

Notes
Turn   | Place    | Note
-------+----------+-------------------------------------------
     0 | D        | rocky1 the Ogre Warper began the quest for the Orb.
     0 | D        | Reached XP level 1. HP: 22/22 MP: 3/3
    17 | D        | Found a bloodstained altar of Trog.
    17 | D        | Found a shimmering blue altar of Sif Muna.
    17 | D        | Found a viscous altar of Jiyva.
    17 | D        | Found a hazy altar of Hepliaklqana.
    17 | D        | Found an opulent altar of Gozag.
    18 | D        | Found a glowing golden altar of the Shining One.
    18 | D        | Found a glowing silver altar of Zin.
    18 | D        | Found a basalt altar of Yredelemnul.
    18 | D        | Found a shimmering altar of Xom.
    18 | D        | Found an ornate altar of the Wu Jian Council.
    18 | D        | Found a sacrificial altar of Ru.
    18 | D        | Found a stormy altar of Qazlal.
    18 | D        | Found an iron altar of Okawaru.
    18 | D        | Found a sparkling altar of Nemelex Xobeh.
    18 | D        | Found a burning altar of Makhleb.
    18 | D        | Found a blossoming altar of Fedhas.
    18 | D        | Found a white marble altar of Elyvilon.
    18 | D        | Found a shadowy altar of Dithmenos.
    18 | D        | Found a snail-covered altar of Cheibriados.
    22 | D        | Found a corrupted altar of Lugonu.
    22 | D        | Found a radiant altar of Vehumet.
    23 | D        | Found a broken altar of Ashenzari.
    23 | D        | Found an ancient bone altar of Kikubaaqudgha.
    23 | D        | Found a hide-covered altar of Uskayaw.
    33 | D        | Became a worshipper of Gozag Ym Sagoz the Greedy
    86 | D        | HP: 1/22 [adder (2)]
    96 | D        | Reached skill level 3 in Fighting
    96 | D        | Reached XP level 2. HP: 27/31 MP: 5/5
   148 | D        | Noticed an ogre
   155 | D        | Killed an ogre
   156 | D        | Reached skill level 5 in Fighting
   156 | D        | Reached skill level 5 in Translocations
   156 | D        | Reached XP level 3. HP: 42/42 MP: 8/8
   156 | D        | Reached XP level 4. HP: 50/50 MP: 9/9
   250 | D        | Learned a level 2 spell: Blink
   254 | D        | Learned a level 3 spell: Vhi's Electric Charge
   259 | D        | Learned a level 4 spell: Manifold Assault
   272 | D        | Noticed a flying skull
   277 | D        | Reached XP level 5. HP: 43/57 MP: 11/11
   279 | D        | Reached skill level 1 in Air Magic
   290 | D        | Killed a flying skull
   291 | D        | Reached skill level 7 in Fighting
   291 | D        | Reached skill level 5 in Maces & Flails
   291 | D        | Reached skill level 5 in Spellcasting
   291 | D        | Reached XP level 6. HP: 25/71 MP: 11/14
   328 | D        | Noticed a fire bat
   337 | D        | Reached skill level 8 in Fighting
   480 | D        | Killed a fire bat
   481 | D        | Reached XP level 7. HP: 62/81 MP: 12/17
   642 | D        | Reached skill level 9 in Fighting
   830 | D        | Noticed a flying skull
   836 | D        | Killed a flying skull
   837 | D        | Reached skill level 5 in Air Magic
   930 | D        | Noticed Blork the orc
   939 | D        | Killed Blork the orc
   943 | D        | Reached XP level 8. HP: 37/93 MP: 20/20
   955 | D        | Reached skill level 10 in Fighting
  1231 | D        | Learned a level 3 spell: Lesser Beckoning
  1235 | D        | Learned a level 3 spell: Teleport Other
  1235 | D        | Noticed a cyclops
  1466 | D        | Noticed an orc high priest
  1466 | D        | Noticed a red devil
  1468 | D        | Noticed an orange demon
  1468 | D        | Noticed a red devil
  1503 | D        | Noticed a smoke demon
  1508 | D        | Slain by a red devil

Illustrated notes

Levels and vault maps discovered:
D:        pitsprint [storerooms_1, entrance_room_1, metal_vault_4, armoury_1,
          mini_pit_1, grid_room_1, main_hall_1, silver_pit, the_coven_3,
          the_vestibule_1, steel_vault_4, golden_pit, hallway_of_sentries,
          crystal_vault_1, iron_vault_4, final_vault]

Skill      XL: |  1  2  3  4  5  6  7  8 |
---------------+-------------------------+-----
Translocations | 4 5 6 7 8 |  8.5
Fighting       | 3 5 7 8 9 10 | 10.3
Maces & Flails | 2 4 5 6 7 |  7.5
Spellcasting   | 3 4 5 7 8 |  8.5
Dodging        | 4 |  4.0
Air Magic      | 3 4 5 6 |  6.1
Throwing       | |  1.0

Action                   |  1- 3 |  4- 6 |  7- 9 || total
-------------------------+-------+-------+-------++-------
Melee: Mace              |    39 |     2 |       ||    41
       Flail             |       |    42 |    42 ||    84
       Punch             |       |     1 |     1 ||     2
       Morningstar       |       |       |    16 ||    16
 Cast: Manifold Assault  |       |     1 |       ||     1
       Vhi's Electric Ch |       |     1 |       ||     1
       Teleport Other    |       |       |     1 ||     1
  Use: Potion            |     3 |     1 |     6 ||    10
Armor: Robe              |    11 |     6 |     8 ||    25
Dodge: Dodged            |    27 |    20 |    36 ||    83

Table legend: (Time is in decaauts)
 A = Elapsed time spent in this place.
 B = Non-inter-level travel time spent in this place.
 C = Inter-level travel time spent in this place.
 D = Time resting spent in this place.
 E = Time spent auto-exploring this place.
 F = Levels seen in this place.
 G = Mean time per level.
                   A        B        C        D        E       F      G
               +--------+--------+--------+--------+--------+-----+--------+
         Total |   1535 |   1514 |     21 |    937 |      0 |   1 | 1535.0 |
       Dungeon |   1535 |   1514 |     21 |    937 |      0 |   1 | 1535.0 |
               +--------+--------+--------+--------+--------+-----+--------+

Top non-repeatable levels by time:
       D: 1535 daAuts
